Map: 2000 Atmospheres LE

Players

A.I. 1 (Easy)

  • Race: Zerg Zerg

SteazyD - Winner!

  • Race: Terran Terran

VOD

Have the link to the VOD?

Description

Time

  • Played on: April 23, 2021, 2:42 a.m.
  • Length: 12:54
Show
View Real Time Build Order
Export as new Build Order

A.I. 1 (Easy) Zerg 

Build Orders: Pool First 

Get SALT Encoding   

  12  0:00  Drone  
  13  0:12  Overlord  
  13  0:16  Drone  
  14  0:31  Drone  
  14  0:35  Drone  
  16  0:43  Spawning Pool  
  16  0:44  Extractor  
  16  0:46  Drone  
  15  0:51  Drone  
  16  0:59  Overlord  
  16  1:29  Zergling x2  
  16  1:31  Roach Warren  
  16  1:32  Queen  
  18  1:35  Drone  
  18  1:39  Extractor, Zergling x2  
  19  1:41  Drone  
  20  1:51  Zergling x2  
  21  2:01  Zergling x2  
  22  2:12  Overlord  
  22  2:23  Zergling x2  
  23  2:34  Zergling x2  
  24  2:38  Drone  
  24  2:43  Drone  
  24  2:44  Roach  
  28  2:47  Drone  
  29  2:56  Drone  
  30  3:07  Overlord  
  30  3:10  Drone  
  30  3:11  Roach  
  33  3:15  Drone  
  34  4:48  Zergling x2  
  30  4:58  Zergling x2  
  30  5:08  Zergling x2  
  31  5:18  Zergling x2  
  32  5:28  Zergling x2  
  33  5:38  Zergling x2  
  34  6:17  Lair, Drone  
  34  6:18  Overlord  
  35  6:22  Drone, Zergling x2  
  33  6:26  Hatchery, Drone  
  33  6:30  Drone  
  32  6:40  Zergling x2  
  33  6:58  Zergling x2  
  34  7:14  Overseer x2  
  34  7:17  Spire  
  34  7:18  Drone  
  30  7:38  Drone  
  30  7:43  Drone  
  32  7:46  Extractor  
  32  7:47  Drone  
  32  7:49  Extractor  
  31  7:51  Drone  
  31  7:56  Drone  
  33  8:00  Drone  
  33  8:04  Drone  
  35  8:08  Drone  
  36  8:13  Drone  
  36  8:17  Drone  
  38  8:21  Drone  
  38  8:26  Drone  
  40  8:29  Mutalisk  
  40  8:30  Drone  
  43  8:34  Drone  
  43  8:38  Drone  
  45  8:43  Drone  
  45  8:47  Mutalisk, Drone  
  49  8:48  Overlord  
  49  8:51  Drone  
  50  8:56  Drone  
  50  9:00  Drone  
  52  9:04  Mutalisk, Drone  
  52  9:08  Drone  
  56  9:13  Drone  
  57  9:17  Drone  
  57  9:18  Overlord  
  57  9:21  Drone  
  59  9:25  Mutalisk  
  61  11:28  Pneumatized Carapace  
  61  11:29  Corruptor, Overseer, Infestation Pit  
  61  11:32  Evolution Chamber  
  61  11:51  Zergling x2  
  51  12:04  Overseer  
  51  12:12  Zergling x2  
  50  12:18  Drone  
  39  12:23  Drone  
  39  12:26  Roach  
  39  12:27  Drone  
  36  12:32  Drone  
  36  12:36  Drone  
  27  12:40  Drone  
Show
View Real Time Build Order
Export as new Build Order

SteazyD Terran - Winner!

Build Orders: Mech 

Get SALT Encoding   

  12  0:01  SCV  
  13  0:13  SCV  
  14  0:18  Supply Depot  
  14  0:25  SCV  
  15  0:40  SCV  
  16  0:46  Barracks  
  16  0:51  Refinery  
  16  0:52  SCV  
  17  1:04  SCV  
  18  1:16  SCV  
  19  1:28  SCV  
  20  1:38  Command Center  
  20  1:40  SCV  
  20  1:45  Reaper  
  22  1:53  SCV  
  23  2:05  Refinery  
  23  2:14  Supply Depot  
  23  2:23  Barracks Reactor  
  23  2:33  Factory  
  23  2:35  SCV  
  24  2:48  SCV  
  24  2:52  SCV  
  25  3:00  SCV  
  25  3:01  Marine x2  
  28  3:05  SCV  
  28  3:12  SCV  
  30  3:18  SCV  
  31  3:24  SCV  
  32  3:30  SCV  
  33  3:36  SCV  
  33  3:37  Barracks Tech Lab  
  34  3:42  SCV  
  34  3:43  Starport  
  34  3:46  Hellion  
  34  3:48  Hellion  
  39  3:51  SCV  
  40  4:02  SCV  
  41  4:04  SCV  
  41  4:07  Supply Depot  
  42  4:14  SCV  
  42  4:16  Hellion  
  45  4:29  Hellion  
  47  4:37  Hellion, Barracks Reactor  
  49  4:42  SCV x2  
  51  4:50  Hellion  
  53  4:54  SCV  
  54  5:11  Supply Depot  
  54  5:17  Supply Depot  
  54  5:25  Factory  
  54  5:27  Factory  
  54  5:30  Orbital Command  
  54  5:32  Orbital Command  
  54  5:42  Siege Tank  
  57  5:47  Liberator  
  57  5:48  Liberator  
  63  5:59  Command Center  
  63  6:03  Factory x2  
  63  6:06  SCV x2  
  65  6:25  Factory Reactor  
  61  6:31  Factory Tech Lab  
  61  6:36  Siege Tank  
  62  6:48  Supply Depot  
  62  6:50  Command Center  
  62  6:52  Refinery  
  62  6:53  SCV x2  
  62  6:54  Refinery  
  64  6:56  Siege Tank  
  63  7:19  Siege Tank  
  66  7:30  Supply Depot  
  66  7:33  SCV  
  66  7:37  SCV x2  
  69  7:51  SCV x3  
  72  7:58  Refinery  
  72  8:00  Factory Tech Lab x2  
  72  8:03  SCV  
  72  8:04  SCV  
  74  8:18  SCV x2  
  76  8:25  Engineering Bay  
  76  8:28  Fusion Core  
  76  8:29  Siege Tank x3  
  76  8:30  Siege Tank  
  76  8:31  Hellion  
  76  8:32  Hellion  
  92  8:36  Viking  
  94  8:45  Refinery  
  94  8:47  Liberator  
  97  8:51  SCV x2  
  99  9:02  Planetary Fortress  
  99  9:05  Siege Tank, Supply Depot  
  102  9:19  Planetary Fortress  
  102  9:31  Siege Tank  
  102  9:33  Barracks Tech Lab  
  105  9:41  SCV x3  
  108  9:53  SCV x2  
  110  10:08  Factory  
  110  10:12  Factory  
  110  10:14  SCV x3  
  110  10:15  SCV  
  114  10:23  Hellion x2  
  114  10:25  Siege Tank x2  
  124  10:32  Supply Depot  
  124  10:43  Refinery  
  124  10:44  Refinery  
  124  10:53  Siege Tank x2, SCV x2  
  132  11:06  Supply Depot  
  132  11:07  Supply Depot  
  132  11:15  Command Center  
  132  11:19  Command Center  
  132  11:28  Siege Tank x2, SCV  
  132  11:30  Starport  
  139  11:44  SCV  
  139  11:45  SCV x2  
  143  12:07  SCV  
  143  12:12  SCV x3  
  146  12:24  SCV x2  
  148  12:30  SCV x4  
  148  12:36  SCV  
  160  12:50  Armory  
  160  12:51  Armory  
  157  12:52  Armory  
  157  12:53  Armory  
Tags
 
Composition
Mech
Matchup
TvZ
Opening
Pool First
Add a new tag
Caveats
  • Supply blocks, unpowered buildings, or Contaminate may cause inaccurate times.
  • Supply counts are checked every 10 seconds.